 Dungeon Crawl Stone Soup version 0.16.1 (webtiles) character file.

858 Fiveotanaka the Basher (level 7, -15/56 HPs)
             Began as a Minotaur Gladiator on Mar 24, 2015.
             Demolished by an ogre
             ... wielding a +0 giant club
              (19 damage)
             ... on level 6 of the Dungeon.
             The game lasted 00:06:54 (3827 turns).

Fiveotanaka the Basher (Minotaur Gladiator)         Turns: 3827, Time: 00:06:54

Health: -15/56     AC:  6    Str: 20    XL:     7   Next: 71%
Magic:  3/3        EV: 12    Int:  5    God:
Gold:   138        SH:  0    Dex: 12    Spells: 0 memorised, 6 levels left

rFire  . . .     SeeInvis .     y - +0 morningstar
rCold  . . .     Clarity  .     j - +0 ring mail
rNeg   . . .     SustAb   .     (no shield)
rPois  .         Gourm    .     c - +0 hat
rElec  .         Spirit   .     E - +0 cloak {+Inv}
rCorr  .         Warding  .     (no gloves)
rMut   .         Stasis   .     (no boots)
MR     .....                    n - amulet of regeneration
Stlth  +.........               (no ring)
                                A - ring of flight

@: not resistant to hostile enchantments, very unstealthy
A: retaliatory headbutt, horns 2
a: Evoke Invisibility, Evoke Flight


You were on level 6 of the Dungeon.
You were near starving.

You visited 1 branch of the dungeon, and saw 6 of its levels.

You collected 334 gold pieces.
You spent 196 gold pieces at shops.

Inventory:

Hand weapons
 a - a +0 flail
 y - a +0 morningstar (weapon)
Missiles
 d - 3 throwing nets (quivered)
 k - 8 tomahawks
Armour
 b - a +0 leather armour
 c - a +0 hat (worn)
 j - a +0 ring mail (worn)
 E - a +0 cloak of invisibility (worn)
Jewellery
 n - an amulet of regeneration (around neck)
 s - an uncursed amulet of faith
 A - a ring of flight (left hand)
Magical devices
 D - a wand of polymorph (6)
Scrolls
 e - 2 scrolls of immolation {unknown}
 g - 7 scrolls of identify {unknown}
 h - a scroll of fear {unknown}
 l - a scroll of random uselessness {unknown}
 m - a scroll of blinking {unknown}
 p - 4 scrolls of teleportation {unknown}
 r - a scroll of amnesia {unknown}
 v - 2 scrolls of noise {unknown}
 z - 3 scrolls of remove curse {unknown}
 B - a scroll of magic mapping {unknown}
 F - a scroll of fog {unknown}
 H - a scroll of enchant weapon {unknown}
Potions
 i - 3 potions of restore abilities {unknown}
 o - 2 potions of curing {unknown}
 q - 2 potions of resistance {unknown}
 t - 2 potions of lignification {unknown}
 x - a potion of flight {unknown}
 G - 2 potions of brilliance {unknown}
Comestibles
 f - 5 bread rations
 u - a meat ration
 w - a slice of pizza
 C - 2 royal jellies


   Skills:
 - Level 2.4 Fighting
 + Level 10.7 Maces & Flails
 - Level 2.0 Throwing
 + Level 1.9 Armour
 + Level 3.4 Dodging


You had 6 spell levels left.
You didn't know any spells.

Dungeon Overview and Level Annotations

Branches:
Dungeon (6/15)
 Temple: D:4-7

Altars:
Dithmenos
Kikubaaqudgha
Okawaru
Trog

Shops:
D:4 *


Innate Abilities, Weirdness & Mutations

You reflexively headbutt those who attack you in melee.
You have a pair of horns on your head.


Message History

The centaur hits you but does no damage.
You hit the centaur. Your headbutt misses the centaur.
The centaur is heavily wounded.
The centaur barely misses you. You furiously retaliate!
You headbutt the centaur! The centaur hits you!
You hit the centaur.
The centaur is almost dead.
The centaur hits you!
* * * LOW HITPOINT WARNING * * *
You hit the centaur!!
You kill the centaur!
There is a stone staircase leading up here.
You barely miss the ogre.
You headbutt the ogre, but do no damage.
The ogre hits you with a giant club!
* * * LOW HITPOINT WARNING * * *
You hit the ogre! Your headbutt misses the ogre.
The ogre is moderately wounded.
The ogre hits you with a giant club!!
You die...

#........##....#
#........'.#+#.# ###
#........#.#.#.# ..#
#........#.#.#.# #..
###'#+####.#.#.#
##.. #o#.# #.#.#.#
##§§. #.#.#
##.#.#.###§§..
#)#.###..#.#..#§§§.§
#oO@............§§..
###.#......##......_
...+.........§§....
#####......##.#§§§..
+......#..##§§§.
#......#..###§.§
#......#..####.§
#......#..#.....
#.(....#..#.....


You could see an ogre and an orc.

Vanquished Creatures
  A centaur (D:6)
  2 ogres (D:5)
  A phantom (D:5)
  The ghost of Meow the Conjurer, an average MfCj (D:4)
  A water moccasin skeleton (D:5)
  A crimson imp (D:5)
  2 orc priests (D:4)
  2 orc wizards (D:4)
  3 worker ants
  A hound skeleton (D:4)
  4 gnolls (D:2)
  A worker ant zombie (D:5)
  2 giant mites
  4 worms
  6 adders
  An adder zombie (D:5)
  6 giant geckos
  2 oozes
  10 orcs
  22 bats
  A bat zombie (D:5)
  15 goblins
  10 hobgoblins
  16 jackals
  5 quokkas
  2 giant cockroaches
  7 giant newts
  9 kobolds
  A quokka zombie (D:6)
  7 rats
146 creatures vanquished.

Notes
Turn   | Place    | Note
--------------------------------------------------------------
     0 | D:1      | Fiveotanaka, the Minotaur Gladiator, began the quest for the Orb.
     0 | D:1      | Reached XP level 1. HP: 18/18 MP: 1/1
    50 | D:1      | Reached skill level 4 in Maces & Flails
    99 | D:1      | Reached XP level 2. HP: 18/25 MP: 1/1
   141 | D:1      | Reached skill level 5 in Maces & Flails
   343 | D:1      | Reached XP level 3. HP: 30/30 MP: 2/2
   784 | D:2      | Found an iron altar of Okawaru.
   835 | D:2      | Reached XP level 4. HP: 30/37 MP: 2/2
   843 | D:2      | Reached skill level 6 in Maces & Flails
  1174 | D:2      | Reached XP level 5. HP: 26/42 MP: 2/2
  1177 | D:2      | Reached skill level 7 in Maces & Flails
  2345 | D:4      | Reached skill level 8 in Maces & Flails
  2495 | D:4      | Reached XP level 6. HP: 50/50 MP: 3/3
  2537 | D:4      | Noticed Meow's ghost (average MfCj)
  2542 | D:4      | Killed Meow's ghost
  2745 | D:4      | Found Ysaschoiw's Assorted Antiques.
  2748 | D:4      | Reached skill level 9 in Maces & Flails
  2761 | D:4      | Bought an embroidered cloak for 94 gold pieces
  2761 | D:4      | Bought a fuming yellow potion for 18 gold pieces
  2761 | D:4      | Bought a scroll labeled POAGIENIEL for 21 gold pieces
  2761 | D:4      | Bought a scroll labeled GRISOUD SMESEISHO for 21 gold pieces
  2761 | D:4      | Bought a scroll labeled BRUAXI CIHA for 21 gold pieces
  2761 | D:4      | Bought a scroll labeled SUIWUE DOCZAH for 21 gold pieces
  3000 | D:5      | Entered Level 5 of the Dungeon
  3096 | D:5      | Found a bloodstained altar of Trog.
  3117 | D:5      | Reached XP level 7. HP: 34/56 MP: 3/3
  3223 | D:5      | Reached skill level 10 in Maces & Flails
  3453 | D:5      | Found an ancient bone altar of Kikubaaqudgha.
  3534 | D:5      | Reached skill level 1 in Armour
  3770 | D:6      | Found a shadowy altar of Dithmenos.
  3827 | D:6      | Demolished by an ogre

Action                   |  1- 3 |  4- 6 |  7- 9 || total
-------------------------+-------+-------+-------++-------
Melee: Flail             |    76 |    80 |       ||   156
       Morningstar       |       |   107 |    33 ||   140
  Eat: Chunk             |       |     6 |     1 ||     7
       Royal jelly       |       |     1 |       ||     1
